 Dungeon Crawl Stone Soup version 0.32-a0-876-gcfddb08e57 (webtiles) character file.

Game seed: 6439721121925084655

228 Autsider the Apothecary (level 6, 0/42 HPs)
             Began as an Octopode Alchemist on Mar 31, 2024.
             Killed by divine providence
             ... invoked by an orc priest
              (12 damage)
             ... on level 4 of the Dungeon.
             The game lasted 00:11:20 (2745 turns).

Autsider the Apothecary (Octopode Alchemist)        Turns: 2745, Time: 00:11:21

Health: 0/42       AC:  5    Str:  8    XL:     6   Next: 2%
Magic:  4/9        EV: 12    Int: 19    God:
Gold:   144        SH:  0    Dex: 12    Spells: 5/9 levels left

rFire   . . .        (no weapon)
rCold   . . .        (no shield)
rNeg    . . .        (helmet restricted)
rPois   +            (no amulet)
rElec   .            d - ring of poison resistance
rCorr   .            l - +4 ring of protection
SInv    .            (no ring)
Will    .....        (no ring)
Stlth   +++          (no ring)
HPRegen 0.27/turn    (no ring)
MPRegen 0.11/turn    (no ring)
                     (no ring)

%: no passive effects
@: no status effects
A: almost no armour, amphibious, 8 rings, camouflage 1, gelatinous body 1,
(nimble swimmer 1), tentacles
a: Convert to Beogh


You were on level 4 of the Dungeon.
You visited 2 branches of the dungeon, and saw 5 of its levels.

You collected 144 gold pieces.

Inventory:

Missiles
 c - 2 atropa-tipped darts
 g - 34 stones
 k - 5 javelins
Magical Staves
 m - a staff of conjuration
Jewellery
 d - a ring of poison resistance (left tentacle)
 l - a +4 ring of protection (right tentacle)
Scrolls
 e - a scroll of teleportation
 f - a scroll of identify
Potions
 a - a potion of magic
 b - a potion of curing
 j - a potion of berserk rage {unknown}


   Skills:
 + Level 3.4 Fighting
 - Level 2.0 Dodging
 - Level 2.6 Stealth
 - Level 2.0 Spellcasting
 - Level 1.0 Conjurations
 + Level 2.0 Air Magic
 + Level 5.2 Alchemy


You had 5 spell levels left.
You knew the following spells:

 Your Spells              Type           Power      Damage    Failure   Level
a - Sting                 Conj/Alch      52%        1d6       4%          1
b - Mephitic Cloud        Conj/Alch/Air  12%        N/A       16%         3

Your spell library contained the following spells:

 Spells                   Type           Power      Damage    Failure   Level
 Mercury Vapours          Alch/Air       30%        N/A       6%          2
 Shock                    Conj/Air       28%        1d4       9%          1
 Olgreb's Toxic Radiance  Alch           21%        N/A       21%         4
 Swiftness                Air            9%         N/A       22%         3
 Hailstorm                Conj/Ice       3%         3d5       38%         3
 Summon Ice Beast         Ice/Summ       1%         N/A       45%         3
 Sticky Flame             Fire/Alch      11%        2d5       50%         4
 Airstrike                Air            4%         2d(1-17)  58%         4
 Permafrost Eruption      Ice/Erth       0%         2x4d1     100%        6
 Sculpt Simulacrum        Ice/Alch       5%         N/A       100%        6


Dungeon Overview and Level Annotations

Branches:
Dungeon (4/15)             Temple (1/1) D:4

Altars:
Cheibriados
Kikubaaqudgha
Makhleb
Nemelex Xobeh
Okawaru
Qazlal
Ru
Yredelemnul

Shops:
D:2 [

Annotations:
D:3 3 runed translucent doors, Picsou's ghost, amateur MiFi


Innate Abilities, Weirdness & Mutations

You cannot wear most types of armour.
You are amphibious.
You can wear up to eight rings at the same time.
Your skin changes colour to match your surroundings (Stealth+).
Your rubbery body absorbs attacks. (AC +1, EV +1)
((You are camouflaged when in or above water. (Stealth+)))
You have tentacles for arms and can constrict up to eight enemies at once.


Message History

You tentacle-slap something. You constrict something.
Reactivating autopickup.
You feel a bit more experienced.
The orc priest mumbles some strange prayers to Beogh against you.
Beogh smites you!
* * * LOW HITPOINT WARNING * * *
The orc priest threatens, "Beogh's wrath is as vast as their mercy.
Make your choice!" (press Y on the ability menu to convert to Beogh)
Your Air Magic skill increases to level 2!
You have reached level 6!
You closely miss the orc. Your grab misses the orc.
You squeeze the orc, but do no damage.
The orc priest shouts, "The Pantheon deserves no one's loyalty.
Let us show you the true path!" The orc hits you with a +0 dagger.
* * * LOW HITPOINT WARNING * * *
You closely miss the orc. You grab the orc. You constrict the orc.
The orc hits you with a +0 dagger.
* * * LOW HITPOINT WARNING * * *
You tentacle-slap the orc but do no damage.
You squeeze the orc.
You kill the orc!
Casting: Sting (safe; 4% risk of failure)
Confirm with . or Enter, or press ? or * to list all spells.
Aiming: Sting (safe; 4% risk of failure)
Press: ? - help, Shift-Dir - straight line, f/p - orc priest
Aim: an orc priest, wielding a +0 club (71% to hit)
The sting hits the orc priest.
The orc priest is poisoned.
The orc priest is lightly wounded.
The orc priest barely misses you.
Casting: Sting (safe; 4% risk of failure)
Confirm with . or Enter, or press ? or * to list all spells.
Aiming: Sting (safe; 4% risk of failure)
Press: ? - help, Shift-Dir - straight line, f/p - orc priest
Aim: an orc priest, wielding a +0 club (lightly wounded, poisoned, 71% to hit)
The sting hits the orc priest but does no damage.
The orc priest looks even sicker.
The orc priest is lightly wounded.
The orc priest mumbles some strange prayers to Beogh against you.
Beogh smites you!
You die...

##############
#........>...#
#.##########.#
#.# #.# #.#
#@# ### #.#
#o# #.###.#
... .#....#
#.... #.#####
#.#### #.# #.
#.# #. #.# #.
#.#


You could see an orc priest (very poisoned).

Vanquished Creatures
  A bombardier beetle (D:4)
  Terence (D:2)
  An iguana (D:4)
  An orc wizard (D:4)
  A river rat (D:3)
  5 adders
  3 ribbon worms
  3 dart slugs (D:1)
  2 orcs (D:4)
  3 ball pythons
  An endoplasm (D:3)
  3 giant cockroaches (D:3)
  3 hobgoblins
  A jackal (D:2)
  4 quokkas
  2 bats (D:1)
  A frilled lizard (D:3)
  7 goblins
  7 kobolds
  5 rats
55 creatures vanquished.

Notes
Turn   | Place    | Note
-------+----------+-------------------------------------------
     0 | D:1      | Autsider the Octopode Alchemist began the quest for the
                  | Orb.
     0 | D:1      | Reached XP level 1. HP: 11/11 MP: 3/3
   120 | D:1      | Reached skill level 1 in Fighting
   120 | D:1      | Reached XP level 2. HP: 18/18 MP: 3/5
   565 | D:2      | Reached XP level 3. HP: 23/23 MP: 6/6
   613 | D:2      | Reached skill level 4 in Alchemy
   728 | D:2      | Found Muon's Antique Armour Shop.
   850 | D:2      | Noticed Terence
   872 | D:2      | Killed Terence
   873 | D:2      | Reached XP level 4. HP: 18/30 MP: 3/7
   912 | D:2      | Learned a level 3 spell: Mephitic Cloud
  1944 | D:3      | Found a runed translucent gate.
  1944 | D:3      | Identified the +1 leather armour "Ruvot" {Harm rC+ Will-
                  | Int+2}
  1944 | D:3      | Noticed Picsou's ghost (amateur MiFi)
  1945 | D:3      | Found a runed translucent gate.
  1946 | D:3      | Found a runed translucent gate.
  2351 | D:3      | Reached skill level 1 in Air Magic
  2366 | D:3      | Reached XP level 5. HP: 21/36 MP: 2/8
  2562 | D:4      | Found a staircase to the Ecumenical Temple.
  2598 | Temple   | Entered the Ecumenical Temple
  2637 | D:4      | Reached skill level 5 in Alchemy
  2741 | D:4      | Reached XP level 6. HP: 15/42 MP: 6/9
  2745 | D:4      | Killed from afar by an orc priest

Illustrated notes

Levels and vault maps discovered:
D:1:      dpeg_arrival_arbitrary_b, layout_rooms, fountainhead
D:2:      layout_basic, serial_shops, nicolae_shop_competitors_out_of_business,
          minmay_pentomino_p2, uniq_terence
D:3:      layout_basic, nicolae_dithmenos_shadow_blocks,
          biasface_ghost_orc_armoury, serial_co_window_serial,
          co_window_corner_a, co_window_of_opportunity_a, co_window_paths_b,
          co_window_paths_a, co_window_corner_a, co_window_cross_1,
          co_window_corner_a, co_window_corner_cb, co_window_corner_cb,
          co_window_unsneaky_path_b, co_window_corner_ca, glass_columns_a,
          gup_sewer_entry_spiral, minmay_hedge_maze,
          minmay_misc_feat_nine_boxes, minmay_quantized
D:4:      layout_loops_ring, vehumet_statue, minmay_temple_entry_junction
Temple:   hellmonk_temple_rainy

Skill      XL: |  1  2  3  4  5 |
---------------+----------------+-----
Fighting       | 1 2 3 |  3.4
Alchemy        | 4 5 |  5.2
Air Magic      | 1 2 |  2.0
Dodging        | |  2.0
Stealth        | |  2.6
Spellcasting   | |  2.0
Conjurations   | |  1.0

Action                     |  1- 3 |  4- 6 || total
---------------------------+-------+-------++-------
  Melee: Unarmed           |    27 |    48 ||    75
         Constrict         |     7 |    15 ||    22
         Tentacles         |     5 |     4 ||     9
   Cast: Sting             |    25 |    47 ||    72
    Use: Scroll            |       |     5 ||     5
   Stab: Sleeping          |     3 |     4 ||     7
 Armour: Skin              |    16 |    26 ||    42
  Dodge: Dodged            |    20 |    35 ||    55

Table legend: (Time is in decaauts)
 A = Elapsed time spent in this place.
 B = Non-inter-level travel time spent in this place.
 C = Inter-level travel time spent in this place.
 D = Time resting spent in this place.
 E = Time spent auto-exploring this place.
 F = Levels seen in this place.
 G = Mean time per level.
                   A        B        C        D        E       F      G
               +--------+--------+--------+--------+--------+-----+--------+
         Total |   2743 |   2431 |    312 |    249 |   1473 |   5 |  548.6 |
       Dungeon |   2740 |   2430 |    310 |    249 |   1473 |   4 |  685.0 |
        Temple |      3 |      1 |      2 |      0 |      0 |   1 |    3.0 |
               +--------+--------+--------+--------+--------+-----+--------+

Top non-repeatable levels by time:
     D:2: 1086 daAuts
     D:3: 877 daAuts
     D:1: 537 daAuts
     D:4: 239 daAuts
  Temple: 3 daAuts
